 Dungeon Crawl Stone Soup version 0.23.2-30-g0e89c35649 (webtiles) character file.

Game seed: 15550675131310114153

137 troglodite the Digger (level 5, 0/37 HPs)
             Began as a Human Earth Elementalist on June 17, 2019.
             Succumbed to a scorpion's poison
             ... on level 4 of the Dungeon.
             The game lasted 00:12:16 (4310 turns).

troglodite the Digger (Human Earth Elementalist)    Turns: 4310, Time: 00:12:16

Health: 0/37       AC:  4    Str: 14    XL:     5   Next: 43%
Magic:  0/8        EV: 13    Int: 15    God:
Gold:   109        SH:  0    Dex: 14    Spells: 2/8 levels left

rFire    . . .     SeeInvis .   i - +0 spear
rCold    . . .     Gourm    .   (no shield)
rNeg     . . .     Faith    .   c - +0 robe
rPois    +         Spirit   .   (no helmet)
rElec    .         Reflect  .   y - +0 cloak
rCorr    .         Harm     .   r - +0 pair of gloves
MR       .....                  (no boots)
Stlth    ++........             (no amulet)
HPRegen  0.12/turn              e - ring of poison resistance
MPRegen  0.11/turn              (no ring)

@: mighty, lethally poisoned (0 -> -11)
A: no striking features
a: no special abilities


You were on level 4 of the Dungeon.
You were hungry.

You visited 1 branch of the dungeon, and saw 4 of its levels.

You collected 109 gold pieces.

Inventory:

Hand Weapons
 i - a +0 spear (weapon)
 x - a +0 fustibalus
Missiles
 b - 129 stones (quivered)
Armour
 c - a +0 robe (worn)
 r - a +0 pair of gloves (worn)
 y - a +0 cloak (worn)
Jewellery
 e - a ring of poison resistance (left hand)
Scrolls
 a - 3 scrolls of remove curse {unknown}
 h - 3 scrolls of identify {unknown}
 m - a scroll of blinking {unknown}
 n - a scroll of teleportation {unknown}
 q - a scroll of fog {unknown}
 u - a scroll of amnesia {unknown}
 v - 2 scrolls of immolation {unknown}
Potions
 f - a potion of curing {unknown}
 g - a potion of berserk rage {unknown}
 j - a potion of ambrosia {unknown}
 k - a potion of haste {unknown}
 l - 2 potions of agility {unknown}
 o - 2 potions of magic {unknown}
 p - a potion of lignification {unknown}
 t - 2 potions of might
 w - 2 potions of flight {unknown}
Comestibles
 d - 7 rations
 s - a chunk of flesh


   Skills:
 * Level 1.1 Fighting
 + Level 1.3 Polearms
 * Level 2.6 Dodging
 + Level 2.3 Stealth
 + Level 0.5 Unarmed Combat
 * Level 2.3 Spellcasting
 * Level 0.6 Conjurations
 * Level 1.1 Transmutations
 * Level 4.1 Earth Magic


You had 2 spell levels left.
You knew the following spells:

 Your Spells              Type           Power        Failure   Level  Hunger
a - Sandblast             Erth           ##....       3%          1    #......
b - Stone Arrow           Conj/Erth      #.....       24%         3    ###....
c - Passwall              Tmut/Erth      #.......     11%         2    ###....

Your spell library contained the following spells:

 Spells                   Type           Power        Failure   Level  Hunger
 Petrify                  Tmut/Erth      #.......     56%         4    #####..
 Lee's Rapid Deconstruct  Erth           ##........   71%         5    ######.


Dungeon Overview and Level Annotations

Branches:
Dungeon (4/15)
 Temple: D:4-7

Altars:


Message History

* * * LOW HITPOINT WARNING * * *
You closely miss the scorpion.
The scorpion is severely wounded.
The scorpion closely misses you.
Your magical contamination has completely faded away.
You hit the scorpion.
The scorpion is severely wounded.
You feel sick. The scorpion closely misses you.
You completely miss the scorpion.
The scorpion is severely wounded.
The scorpion misses you.
You barely miss the scorpion.
The scorpion is severely wounded.
You feel sick. The scorpion stings you!
* * * LOW HITPOINT WARNING * * *
You are more poisoned.
The scorpion poisons you!
It was a potion of might.
You feel very mighty all of a sudden.
You die...

#.. .# #..## .##.)
#.####.#..#$..##
#......##..###..
### #..##.#.#.#
#.####....#.).#
#......#..##.###
###.##.###...##.รท.
#@so##.###........
######............
######.....##
#....### #....# #
#....# # #....# #
##### #


You could see a scorpion and an orc.

Vanquished Creatures
  5 adders
  An ooze (D:2)
  2 worms
  A dart slug (D:3)
  An orc (D:3)
  A ball python (D:2)
  A giant cockroach (D:2)
  7 goblins
  16 hobgoblins
  8 jackals
  5 kobolds
  4 quokkas
  10 bats
  3 frilled lizards
  10 rats
75 creatures vanquished.

Notes
Turn   | Place    | Note
-------+----------+-------------------------------------------
     0 | D:1      | troglodite the Human Earth Elementalist began the quest for
                  | the Orb.
     0 | D:1      | Reached XP level 1. HP: 13/13 MP: 3/3
   372 | D:1      | Reached XP level 2. HP: 19/19 MP: 5/5
  1170 | D:1      | Reached XP level 3. HP: 11/24 MP: 6/6
  1467 | D:2      | Learned a level 3 spell: Stone Arrow
  1999 | D:2      | Reached XP level 4. HP: 16/31 MP: 7/7
  2022 | D:2      | Reached skill level 4 in Earth Magic
  2884 | D:2      | Reached skill level 1 in Polearms
  3499 | D:3      | Reached XP level 5. HP: 36/36 MP: 2/8
  3507 | D:3      | Reached skill level 1 in Fighting
  3582 | D:3      | Learned a level 2 spell: Passwall
  4309 | D:4      | HP: 1/37 [scorpion (8)]
  4310 | D:4      | Succumbed to a scorpion's poison

Skill      XL: |  1  2  3  4  5 |
---------------+----------------+-----
Earth Magic    | 4 |  4.1
Polearms       | 1 |  1.3
Fighting       | 1 |  1.1
Dodging        | |  2.6
Stealth        | |  2.3
Unarmed Combat | |  0.5
Spellcasting   | |  2.3
Conjurations   | |  0.6
Transmutations | |  1.1

Action                   |  1- 3 |  4- 6 || total
-------------------------+-------+-------++-------
Melee: Unarmed           |    10 |       ||    10
       Short sword       |    10 |       ||    10
       Spear             |    99 |   196 ||   295
 Cast: Sandblast         |    11 |     9 ||    20
       Stone Arrow       |       |     4 ||     4
  Use: Potion            |       |     1 ||     1
 Stab: Sleeping          |     2 |     9 ||    11
  Eat: Chunk             |     4 |     7 ||    11
Armor: Robe              |    23 |    36 ||    59
Dodge: Dodged            |   102 |    95 ||   197
